 Dungeon Crawl Stone Soup version 0.26-b1-32-g5d43845318 (webtiles) character file.

Game seed: 8779872008138314287

7074 inmateoo the Carver (level 10, -3/90 HPs)
             Began as a Minotaur Fighter on Jan 9, 2021.
             Was an Elder of Makhleb.
             Splashed by Maurice's acid (16 damage)
             ... on level 10 of the Dungeon.
             The game lasted 00:09:19 (8539 turns).

inmateoo the Carver (Minotaur Fighter)              Turns: 8539, Time: 00:09:20

Health: -3/90      AC: -4    Str: 22    XL:     10   Next: 84%
Magic:  12/12      EV: 18    Int:  5    God:    Makhleb [****..]
Gold:   338        SH:  0    Dex: 12    Spells: 9/9 levels left

rFire    . . .     SeeInvis .   (weapon currently unavailable)
rCold    . . .     Faith    .   (shield currently unavailable)
rNeg     . . .     Spirit   .   (armour currently unavailable)
rPois    .         Reflect  .   (helmet currently unavailable)
rElec    .         Harm     .   (cloak currently unavailable)
rCorr    .         Rampage  .   (gloves currently unavailable)
Will     .....                  (boots currently unavailable)
Stlth    +.........             (no amulet)
HPRegen  0.25/turn              (ring currently unavailable)
MPRegen  0.13/turn              (ring currently unavailable)

@: pig-form (expiring), corroded, flying, very quick
A: small, (retaliatory headbutt)
a: Renounce Religion, Minor Destruction, Lesser Servant of Makhleb, Major
Destruction


You were on level 10 of the Dungeon.
You worshipped Makhleb.
Makhleb was greatly pleased with you.
You were a filthy swine.
You visited 1 branch of the dungeon, and saw 10 of its levels.
You also visited: Sewer.

You collected 562 gold pieces.
You spent 224 gold pieces at shops.

Inventory:

Hand Weapons
 a - a +0 long sword
 g - a +3 short sword of venom (melded)
Missiles
 y - 2 throwing nets (quivered)
Armour
 c - a +0 kite shield (melded)
 f - a +0 chain mail (melded)
 n - a +2 hat (melded)
 s - a +0 cloak (melded)
Jewellery
 u - a ring of protection from cold (melded)
 A - a +4 ring of protection (melded)
Wands
 j - a wand of random effects (16)
 l - a wand of flame (13)
 E - a wand of digging (4)
Scrolls
 b - 5 scrolls of identify
 h - 5 scrolls of remove curse
 m - 5 scrolls of fog
 v - a scroll of magic mapping
 z - a scroll of enchant armour
 D - 2 scrolls of vulnerability {unknown}
Potions
 d - a potion of heal wounds
 e - 5 potions of curing
 k - a potion of haste
 o - 2 potions of mutation
 r - 4 potions of brilliance
 t - a potion of lignification
 w - 3 potions of berserk rage
 x - a potion of attraction
Miscellaneous
 q - a phial of floods (inert)


   Skills:
 + Level 8.6 Fighting
 * Level 11.1 Long Blades
 + Level 8.6 Armour
 + Level 6.9 Dodging
 + Level 8.6 Shields
 + Level 5.0 Invocations


You had 9 spell levels left.
You didn't know any spells.
Your spell library contained the following spells:

 Spells                   Type           Power        Failure   Level
 Sandblast                Erth           0%           47%         1
 Passwall                 Tmut/Erth      0%           63%         2
 Confusing Touch          Hex            0%           85%         3
 Gell's Gravitas          Tloc           0%           85%         3
 Stone Arrow              Conj/Erth      0%           85%         3
 Petrify                  Tmut/Erth      0%           99%         4
 Lee's Rapid Deconstruct  Erth           0%           100%        5
 Metabolic Englaciation   Hex/Ice        0%           100%        5
 Yara's Violent Unravell  Hex/Tmut       0%           100%        5


Dungeon Overview and Level Annotations

Branches:
Dungeon (10/15)            Temple (0/1) D:6           Sewer (visited)
   Lair: D:8-11         Orc: D:9-12

Altars:
Dithmenos
Gozag
Hepliaklqana
Makhleb
Qazlal
Sif Muna
Trog
Xom
Yredelemnul
Zin
The Shining One

Shops:
D:4 :   D:8 [

Annotations:
D:10 2 transporters, Maurice


Innate Abilities, Weirdness & Mutations

((You reflexively headbutt those who attack you in melee.))
((You have a pair of horns on your head.))


Message History

Evoke which item? (* to show all) (? for menu, Esc to quit)
Aiming: Throw Flame
Press: ? - help, Shift-Dir - straight line You hear a zap.
A bolt of acid appears from out of thin air!
The bolt of acid misses you. Something barely misses you.
Unknown command.
Really quaff the potion of lignification?
You are stuck in your current form!
Okay, then.
Okay, then.
It was a potion of flight.
You feel very buoyant.
You fly up into the air.
You hear a zap.
A bolt of acid appears from out of thin air!
The bolt of acid hits you!!
* * * LOW HITPOINT WARNING * * *
You are splashed with acid!
You die...

########## .).......#
.........# ############
.......h.####..........#
.......{...##...........
.........#..............
.........####...........
.........# #...........
#####.#### #...........
#. . ##########.. ## .##
### ..### ##########


There were no monsters in sight!

Vanquished Creatures
  2 two-headed ogres
  10 yaks
  Grum (D:10)
  A soldier ant (D:10)
  An orc warrior (D:8)
  A water moccasin (D:7)
  An ice beast (D:8)
  A necrophage (D:9)
  5 ogres
  4 phantoms
  2 sky beasts
  4 wolves (D:10)
  2 centaurs
  The ghost of no0bjke the Chopper, an amateur GrFi (D:3)
  5 bullfrogs
  2 gnoll sergeants
  A wyvern skeleton (D:7)
  A scorpion (D:9)
  4 killer bees
  3 wights
  6 howler monkeys
  3 bullfrog zombies
  3 hounds
  5 orc priests
  Crazy Yiuf (D:2)
  A bullfrog skeleton (D:9)
  A centaur skeleton (D:8)
  Jessica (D:8)
  2 iguanas
  5 orc wizards
  6 worker ants
  A killer bee zombie (D:5)
  A hound skeleton (D:9)
  A worker ant zombie (D:6)
  8 gnolls
  14 adders
  A shadow imp (D:6)
  An ufetubus (D:7)
  2 oozes
  An adder zombie (D:5)
  3 worms
  2 dart slugs
  6 leopard geckos
  15 orcs
  7 ball pythons
  5 bats
  13 giant cockroaches
  8 goblins
  7 jackals
  7 kobolds
  2 quokkas (D:4)
  8 frilled lizards
  A jackal skeleton (D:6)
  A leopard gecko zombie (D:7)
  4 rats
205 creatures vanquished.

Notes
Turn   | Place    | Note
-------+----------+-------------------------------------------
     0 | D:1      | inmateoo the Minotaur Fighter began the quest for the Orb.
     0 | D:1      | Reached XP level 1. HP: 19/19 MP: 0/0
   231 | D:1      | Reached XP level 2. HP: 26/27 MP: 1/1
   516 | D:1      | Reached skill level 3 in Long Blades
  1008 | D:2      | Reached XP level 3. HP: 27/33 MP: 2/2
  1061 | D:2      | Found a shimmering altar of Xom.
  1124 | D:2      | Found a faded altar of an unknown god.
  1192 | D:2      | Reached skill level 1 in Dodging
  1206 | D:2      | Became a worshipper of Makhleb the Destroyer
  1206 | D:2      | Reached * piety under Makhleb
  1378 | D:2      | Found a runed translucent door.
  1379 | D:2      | Noticed Crazy Yiuf
  1593 | D:2      | Killed Crazy Yiuf
  1594 | D:2      | Reached XP level 4. HP: 24/40 MP: 3/3
  1757 | D:3      | Found an opulent altar of Gozag.
  1761 | D:3      | Found a glowing golden altar of the Shining One.
  1764 | D:3      | Found a basalt altar of Yredelemnul.
  1833 | D:3      | Reached skill level 4 in Long Blades
  1840 | D:3      | Reached XP level 5. HP: 21/47 MP: 4/4
  2084 | D:3      | Found a runed translucent door.
  2084 | D:3      | Noticed no0bjke's ghost (amateur GrFi)
  2587 | D:3      | Reached ** piety under Makhleb
  2736 | D:3      | Killed no0bjke's ghost
  2737 | D:3      | Reached skill level 5 in Long Blades
  2737 | D:3      | Reached XP level 6. HP: 42/53 MP: 5/5
  3092 | D:4      | Reached skill level 5 in Fighting
  3092 | D:4      | Reached skill level 5 in Armour
  3092 | D:4      | Reached skill level 5 in Shields
  3144 | D:4      | Reached XP level 7. HP: 58/61 MP: 6/6
  3232 | D:4      | Found Xiezigon's Book Boutique.
  3437 | D:4      | Found a hazy altar of Hepliaklqana.
  3476 | D:4      | Reached skill level 6 in Long Blades
  3546 | D:5      | Entered Level 5 of the Dungeon
  3638 | D:5      | Found a shadowy altar of Dithmenos.
  3700 | D:5      | Found a glowing drain.
  3718 | Sewer    | Entered a sewer
  4027 | D:5      | Found a glowing silver altar of Zin.
  4236 | D:5      | Found a bloodstained altar of Trog.
  4423 | D:6      | Reached XP level 8. HP: 70/70 MP: 7/7
  4443 | D:6      | Reached skill level 7 in Long Blades
  4550 | D:6      | Found a staircase to the Ecumenical Temple.
  4583 | D:6      | Reached skill level 1 in Invocations
  4801 | D:6      | Reached *** piety under Makhleb
  4948 | D:6      | Found a burning altar of Makhleb.
  5392 | D:7      | Reached skill level 8 in Long Blades
  5585 | D:7      | Reached XP level 9. HP: 78/78 MP: 9/9
  6520 | D:7      | Reached skill level 5 in Dodging
  6888 | D:7      | Reached skill level 9 in Long Blades
  7170 | D:8      | Reached **** piety under Makhleb
  7181 | D:8      | Noticed a two-headed ogre
  7197 | D:8      | Killed a two-headed ogre
  7478 | D:8      | Noticed Jessica
  7480 | D:8      | Killed Jessica
  7481 | D:8      | Reached XP level 10. HP: 88/88 MP: 11/11
  7486 | D:8      | Found a shimmering blue altar of Sif Muna.
  7595 | D:8      | Found Vooma's Antique Armour Emporium.
  7601 | D:8      | Bought a glowing scarf for 224 gold pieces
  7816 | D:9      | Reached skill level 10 in Long Blades
  8106 | D:9      | Noticed a two-headed ogre
  8118 | D:9      | Killed a two-headed ogre
  8144 | D:9      | Found a stormy altar of Qazlal.
  8216 | D:10     | Entered Level 10 of the Dungeon
  8256 | D:10     | Identified the +7 morningstar of the Moon {vorpal, rElec
                  | Will++ Dex+4}
  8274 | D:10     | Noticed Grum
  8292 | D:10     | Killed Grum
  8317 | D:10     | Found a transporter.
  8321 | D:10     | Found a transporter.
  8407 | D:10     | Reached skill level 11 in Long Blades
  8425 | D:10     | Reached skill level 5 in Invocations
  8514 | D:10     | Noticed Maurice
  8539 | D:10     | Splashed by Maurice's acid

Illustrated notes

Levels and vault maps discovered:
D:1:      zaba_arrival_water, layout_loops_corners, lemuel_old_faithful
D:2:      layout_loops_cross, overflow_temple_1_default,
          chequers_ecumenical_altar_island, uniq_crazy_yiuf_cottage
D:3:      layout_basic, grunt_temple_overflow_open,
          hellmonk_ghost_happy_afterlife, kennysheep_generic_room_11
D:4:      layout_cave_pools, nzn_hepliaklqana_mist_gate, serial_shops,
          nicolae_shop_behind_doors
D:5:      layout_gridville, nicolae_dithmenos_the_darkroom, lemuel_round_altar,
          cheibrodos_sewer_entry_drain, minmay_misc_feat_pillars,
          lemuel_statue_altar
D:6:      layout_loops_ring, minmay_temple_entry_large_hall, st_stairs_12,
          minmay_stone_trees_small, makhleb_heckhound_becter
D:7:      layout_cave_pods
D:8:      layout_cave_pools, tgw_sif, serial_shops, shop_fountains
D:9:      layout_cave_pools, nicolae_qazlal_general_emergency
D:10:     layout_rooms, dpeg_oklobed_lair, gammafunk_ghost_hive,
          blue_anna_alchemist [blue_anna_fruit_fields, blue_anna_fruit_fields],
          uniq_grum, uniq_maurice

Skill      XL: |  1  2  3  4  5  6  7  8  9 10 |
---------------+-------------------------------+-----
Long Blades    | 3 4 5 6 8 9 11 | 11.1
Fighting       | 4 5 6 7 8 |  8.6
Armour         | 4 5 6 7 8 |  8.6
Shields        | 4 5 6 7 8 |  8.6
Dodging        | 1 2 3 4 5 6 |  6.9
Invocations    | 2 3 5 |  5.0

Action                   |  1- 3 |  4- 6 |  7- 9 | 10-12 || total
-------------------------+-------+-------+-------+-------++-------
Melee: Long sword        |    24 |       |       |       ||    24
       Headbutt          |    10 |    20 |    77 |    42 ||   149
       Short sword       |    49 |    79 |   398 |   170 ||   696
       Unarmed           |       |    16 |       |    12 ||    28
Evoke: Phial of floods   |       |       |     2 |       ||     2
       Wand              |       |       |     2 |     1 ||     3
  Use: Potion            |       |     5 |       |     1 ||     6
       Scroll            |       |    11 |     9 |       ||    20
Armor: Scale mail        |     4 |       |       |       ||     4
       Chain mail        |    32 |    18 |   178 |    50 ||   278
       Skin              |       |    19 |       |       ||    19
Dodge: Dodged            |    17 |    10 |   138 |    45 ||   210
Block: Kite shield       |    26 |    28 |   251 |    51 ||   356
       Rpst.: Long sword |     1 |       |       |       ||     1
